 Seeded DCSS version 0.29-a0-72-g1732ff48e7 (webtiles) character file.

Game seed: 10000000000011 (custom seed)

310 knot the Chopper (level 6, -1/47 HPs)
             Began as a Demonspawn Berserker on Feb 4, 2022.
             Was a Believer of Trog.
             Killed from afar by Dowan the boggart (10 damage)
             ... with a puff of flame
             ... on level 4 of the Dungeon.
             The game lasted 00:03:00 (4132 turns).

knot the Chopper (Demonspawn Berserker)             Turns: 4132, Time: 00:03:01

Health: -1/47      AC:  2    Str: 18    XL:     6   Next: 18%
Magic:  6/6        EV: 12    Int: 10    God:    Trog [**....]
Gold:   105        SH:  5    Dex: 12    Spells: 5/5 levels left

rFire   . . .      SeeInvis .   a - +0 hand axe
rCold   . . .      Faith    .   (no shield)
rNeg    . . .      Spirit   .   b - +0 animal skin
rPois   .          Reflect  +   (no helmet)
rElec   .          Harm     .   (no cloak)
rCorr   .          Rampage  .   (no gloves)
Will    .....                   (no boots)
Stlth   +.........              d - amulet of reflection
HPRegen 0.15/turn               (no ring)
MPRegen 0.20/turn               (no ring)

@: on berserk cooldown, slowed, very slow
A: magic regeneration, demonic touch 2
a: Renounce Religion, Berserk, Trog's Hand


You were on level 4 of the Dungeon.
You worshipped Trog.
Trog was pleased with you.
You visited 1 branch of the dungeon, and saw 4 of its levels.

You collected 105 gold pieces.

Inventory:

Hand Weapons
 a - a +0 hand axe (weapon)
Missiles
 f - 67 stones
 i - 2 poisoned darts
 p - 4 boomerangs (quivered)
Armour
 b - a +0 animal skin (worn)
Jewellery
 d - an amulet of reflection (around neck)
Wands
 o - a wand of polymorph (3)
Scrolls
 c - a scroll of amnesia {unknown}
 k - 2 scrolls of identify {unknown}
 m - 2 scrolls of blinking {unknown}
 n - a scroll of fog {unknown}
Potions
 e - a potion of curing {unknown}
 g - a potion of lignification {unknown}
 h - a potion of might {unknown}
 j - a potion of magic {unknown}
 l - a potion of heal wounds {unknown}


   Skills:
 - Level 3.0 Fighting
 + Level 6.4 Axes
 - Level 1.7 Armour
 - Level 1.7 Dodging


You had 5 spell levels left.
You didn't know any spells.
Your spell library contained the following spells:

 Spells                   Type           Power      Damage    Failure   Level
 Corpse Rot               Necr/Air       0%         N/A       50%         2
 Ensorcelled Hibernation  Hex/Ice        0%         N/A       50%         2
 Passwall                 Tmut/Erth      0%         N/A       50%         2
 Poisonous Vapours        Pois/Air       0%         N/A       50%         2
 Swiftness                Air            0%         N/A       75%         3


Dungeon Overview and Level Annotations

Branches:
Dungeon (4/15)
 Temple: D:4-7

Altars:

Shops:
D:3 [

Annotations:
D:4 Dowan


Innate Abilities, Weirdness & Mutations

You regenerate magic rapidly.
Your touch may inflict irresistible damage on your foes.


Message History

You hear some strange, mumbled words.
The endoplasm freezes you.
You are frozen.
The endoplasm hits you.
You hit the endoplasm but do no damage.
The endoplasm is moderately wounded.
The endoplasm hits you.
You hear some strange, mumbled words.
The endoplasm hits you. The ball python misses you.
The ball python barely misses you. The endoplasm freezes you.
You are frozen.
Things that are here:
a +2 short sword of draining; a +0 ring mail; the elf corpse of Duvessa You slash the ball python!
You kill the ball python!
The ball python's corpse dissolves into shadows!
You hit the endoplasm.
You hear a zap.
A puff of flame appears from out of thin air!
The puff of flame misses you.
The puff of flame hits the endoplasm!
The endoplasm dies!
The endoplasm dissolves into shadows!
You hear a zap.
A puff of flame appears from out of thin air!
The puff of flame misses you.
The puff of flame hits the adder skeleton!
The adder skeleton barely misses you.
You miss something. You hit the adder skeleton. You block something's attack.
You block the adder skeleton's attack. Something hits you.
The adder skeleton completely misses you.
You miss something. Your touch misses something.
You closely miss the adder skeleton. Something hits you!
* * * LOW HITPOINT WARNING * * *
Something hits you.
* * * LOW HITPOINT WARNING * * *
The adder skeleton bites you but does no damage.
You hear a zap.
A puff of flame appears from out of thin air!
The puff of flame hits you!
You die...

#######
.....>#####################
...............{@Z........#
..>...###################........
....>.#......# ###...(..
#####......... ...(.g ###
##...<...# ..... ))####........
....# #......######. ####
######.# #..#


You could see an adder skeleton (summoned).

Vanquished Creatures
  An ogre (D:3)
  A scorpion (D:4)
  An orc priest (D:4)
  A centaur skeleton (D:4)
  5 adders
  2 orcs (D:4)
  6 endoplasms
  A giant cockroach (D:1)
  3 goblins
  5 hobgoblins
  14 jackals
  2 ball pythons
  7 bats
  5 frilled lizards
  3 kobolds
  5 rats
62 creatures vanquished.

Notes
Turn   | Place    | Note
-------+----------+-------------------------------------------
     0 | D:1      | knot the Demonspawn Berserker began the quest for the Orb.
     0 | D:1      | Reached XP level 1. HP: 18/18 MP: 1/1
   107 | D:1      | Reached skill level 3 in Axes
   338 | D:1      | Gained mutation: You regenerate magic rapidly. [demonic
                  | ancestry]
   338 | D:1      | Reached XP level 2. HP: 17/24 MP: 2/2
   917 | D:1      | Reached ** piety under Trog
  1493 | D:2      | Gained mutation: Your touch may inflict minor irresistible
                  | damage on your foes. [demonic ancestry]
  1493 | D:2      | Reached XP level 3. HP: 29/29 MP: 3/3
  1597 | D:2      | Reached skill level 4 in Axes
  2636 | D:2      | Reached XP level 4. HP: 35/35 MP: 4/4
  2871 | D:3      | Noticed an ogre
  2876 | D:3      | Killed an ogre
  2877 | D:3      | Reached skill level 5 in Axes
  2877 | D:3      | Reached XP level 5. HP: 41/41 MP: 5/5
  3130 | D:3      | Found Daocsar's Antique Armour Emporium.
  3932 | D:4      | Noticed Duvessa
  3954 | D:4      | Noticed Duvessa
  3954 | D:4      | Duvessa changed into Duvessa the scorpion
  3956 | D:4      | Killed Duvessa the scorpion
  3957 | D:4      | Reached skill level 6 in Axes
  3957 | D:4      | Gained mutation: Your touch may inflict irresistible damage
                  | on your foes. [demonic ancestry]
  3957 | D:4      | Reached XP level 6. HP: 47/47 MP: 6/6
  4100 | D:4      | Noticed Dowan
  4101 | D:4      | Noticed Dowan
  4101 | D:4      | Dowan changed into Dowan the boggart
  4132 | D:4      | Killed from afar by Dowan the boggart

Illustrated notes

Levels and vault maps discovered:
D:1:      lordsloth_arrival_two_stooges, layout_basic, grunt_decor_fettered,
          minmay_misc_feat_diagonals, nicolae_concentric_dashed_squares_wild
D:2:      layout_rooms, hangedman_decor_clover_reticule
D:3:      layout_basic, serial_shops, shop, kennysheep_path_1
D:4:      layout_rooms, temple_doors_e, uniq_duvessa, uniq_ijyb

Skill      XL: |  1  2  3  4  5 |
---------------+----------------+-----
Axes           | 3 4 5 6 |  6.4
Fighting       | |  3.0
Armour         | |  1.7
Dodging        | |  1.7

Action                   |  1- 3 |  4- 6 || total
-------------------------+-------+-------++-------
Melee: Hand axe          |   117 |    58 ||   175
       Touch             |     6 |     8 ||    14
       Punch             |       |     2 ||     2
Throw: Stone             |       |     4 ||     4
       Boomerang         |       |     1 ||     1
Invok: Berserk           |     2 |     4 ||     6
Evoke: Wand              |       |     5 ||     5
 Stab: Sleeping          |     1 |     1 ||     2
       Distracted        |     1 |       ||     1
Armor: Animal skin       |    18 |     5 ||    23
Dodge: Dodged            |    88 |    33 ||   121
Block: Other             |    32 |    12 ||    44

Table legend: (Time is in decaauts)
 A = Elapsed time spent in this place.
 B = Non-inter-level travel time spent in this place.
 C = Inter-level travel time spent in this place.
 D = Time resting spent in this place.
 E = Time spent auto-exploring this place.
 F = Levels seen in this place.
 G = Mean time per level.
                   A        B        C        D        E       F      G
               +--------+--------+--------+--------+--------+-----+--------+
         Total |   4184 |   4127 |     57 |   2018 |   1632 |   4 | 1046.0 |
       Dungeon |   4184 |   4127 |     57 |   2018 |   1632 |   4 | 1046.0 |
               +--------+--------+--------+--------+--------+-----+--------+

Top non-repeatable levels by time:
     D:1: 1497 daAuts
     D:2: 1293 daAuts
     D:3: 761 daAuts
     D:4: 631 daAuts
